 Dungeon Crawl Stone Soup version 0.30-a0-422-g946f4849ff (webtiles) character file.

Game seed: 9754670626331300146

970 zishaf the Gusty (level 8, -1/48 HPs)
             Began as a Tengu Air Elementalist on Dec 8, 2022.
             Was an Initiate of Ru.
             Slain by a wyvern zombie (7 damage)
             ... in an ossuary.
             The game lasted 00:06:29 (2919 turns).

zishaf the Gusty (Tengu Air Elementalist)           Turns: 2919, Time: 00:06:29

Health: -1/48      AC:  3    Str:  8    XL:     8   Next: 16%
Magic:  11/22      EV: 15    Int: 17    God:    Ru [......]
Gold:   177        SH:  0    Dex: 22    Spells: 3/13 levels left

rFire   . . .      SeeInvis .    (no weapon)
rCold   . . .      Faith    .    (no shield)
rNeg    . . .      Spirit   .    a - +0 robe
rPois   .          Reflect  .    (helmet restricted)
rElec   .          Harm     .    (no cloak)
rCorr   .          Rampage  .    h - +0 pair of gloves
Will    .....                    (boots unavailable)
Stlth   ++........               q - amulet of regeneration
HPRegen 1.08/turn                j - ring of magical power
MPRegen 0.18/turn                m - +6 ring of dexterity

@: flying quickly and evasively, quick
A: beak, talons 3, nimble flight
a: Renounce Religion


You were in an ossuary.
You worshipped Ru.
Ru was noncommittal.
You visited 1 branch of the dungeon, and saw 5 of its levels.
You also visited: Ossuary.

You collected 177 gold pieces.

Inventory:

Missiles
 o - 2 throwing nets
Armour
 a - a +0 robe (worn)
 h - a +0 pair of gloves (worn)
 y - the +3 scale mail "Guwiha" {rF- Dex+4}
   (You found it on level 4 of the Dungeon)

   Dex:       It affects your dexterity (+4).
   rF:        It makes you vulnerable to fire.
Jewellery
 j - a ring of magical power (left hand)
 m - a +6 ring of dexterity (right hand)
 q - an amulet of regeneration (around neck)
Scrolls
 d - 3 scrolls of enchant armour {unknown}
 e - 5 scrolls of identify {unknown}
 g - 3 scrolls of teleportation {unknown}
 i - a scroll of immolation {unknown}
 k - 2 scrolls of vulnerability {unknown}
 l - 3 scrolls of magic mapping {unknown}
 n - a scroll of butterflies {unknown}
 u - 2 scrolls of torment {unknown}
 v - a scroll of blinking {unknown}
 w - a scroll of silence {unknown}
Potions
 c - a potion of cancellation {unknown}
 f - a potion of flight {unknown}
 p - a potion of might {unknown}
 r - a potion of mutation {unknown}
 s - a potion of curing {unknown}
 t - a potion of resistance {unknown}
 x - a potion of berserk rage {unknown}


   Skills:
 + Level 4.9 Fighting
 - Level 2.1 Dodging
 - Level 2.0 Stealth
 - Level 3.0 Spellcasting
 + Level 6.7 Conjurations
 + Level 7.7 Air Magic


You had 3 spell levels left.
You knew the following spells:

 Your Spells              Type           Power      Damage    Failure   Level
a - Shock                 Conj/Air       100%       1d9       1%          1
b - Airstrike             Air            14%        2d(2-18)  8%          4
A - Static Discharge      Conj/Air       54%        2-5/arc   1%          2
B - Swiftness             Air            28%        N/A       2%          3

Your spell library contained the following spells:

 Spells                   Type           Power      Damage    Failure   Level
 Cigotuvi's Dreadful Rot  Necr/Pois/Air  22%        N/A       10%         2
 Ozocubu's Armour         Ice            2%         N/A       45%         3
 Dispel Undead            Necr           2%         3d7       86%         4
 Death Channel            Necr           1%         N/A       100%        6
 Ozocubu's Refrigeration  Ice            1%         4d7       100%        7


Dungeon Overview and Level Annotations

Branches:
Dungeon (5/15)            Ossuary (1/1)
 Temple: D:4-7

Altars:
Ru


Innate Abilities, Weirdness & Mutations

You have a beak for a mouth.
You have claws for feet.
Your magical nature lets you fly swiftly and evasively.


Message History

The wyvern zombie bites you!
Casting: Static Discharge (safe; 1% risk of failure)
Confirm with . or Enter, or press ? or * to list all spells.
The wyvern zombie is struck by an arc of lightning.
The wyvern zombie is moderately damaged.
You are struck by an arc of lightning.
The lightning grounds out.
The wyvern zombie misses you. The wyvern zombie bites you!
* * * LOW HITPOINT WARNING * * *
Casting: Static Discharge (safe; 1% risk of failure)
Confirm with . or Enter, or press ? or * to list all spells.
The wyvern zombie is struck by an arc of lightning!
The wyvern zombie is heavily damaged.
You are struck by an arc of lightning.
* * * LOW HITPOINT WARNING * * *
The lightning grounds out.
The wyvern zombie bites you.
* * * LOW HITPOINT WARNING * * *
The wyvern zombie attacks as you move away!
The wyvern zombie barely misses you.
Press: ? - help, v - describe, . - travel
Here: a wyvern zombie (heavily damaged) Some shallow water.
Okay, then.
You aren't carrying any items that you can evoke.
Casting: Static Discharge (safe; 1% risk of failure)
Confirm with . or Enter, or press ? or * to list all spells.
Aiming: Shock (safe; 1% risk of failure)
Press: ? - help, Shift-Dir - straight line, f/p - wyvern zombie
Aim: a wyvern zombie (heavily damaged, 91% to hit)
The zap hits the wyvern zombie.
The wyvern zombie is heavily damaged.
The wyvern zombie misses you.
Casting: Shock (safe; 1% risk of failure)
Confirm with . or Enter, or press ? or * to list all spells.
Aiming: Shock (safe; 1% risk of failure)
Press: ? - help, Shift-Dir - straight line, f/p - wyvern zombie
Aim: a wyvern zombie (heavily damaged, 91% to hit)
The zap hits the wyvern zombie.
The wyvern zombie is severely damaged.
The wyvern zombie bites you!
You die...

####### #
#.#.~.~ ≈#
#'#'#.~~#'##~##
......~~~.'.#≈#
###.#####Z##~#
#...#@~.##
#.∩.'~#≈#
#∩..#~'.#
#####.#~# '~~.#
##.~~~≈#
#~..~≈# '.#####
#.'


You could see a wyvern zombie.

Vanquished Creatures
  A hornet zombie (Ossuary)
  A bullfrog (D:4)
  2 wyvern zombies (Ossuary)
  2 water moccasin zombies (Ossuary)
  6 centaur zombies (Ossuary)
  4 bullfrog zombies (Ossuary)
  9 mummies (Ossuary)
  A killer bee zombie (Ossuary)
  A gnoll (D:4)
  4 adders
  An ufetubus (D:5)
  A worm (D:2)
  2 orcs (D:4)
  4 ball pythons
  5 bats
  4 endoplasms
  4 giant cockroaches
  5 hobgoblins
  12 jackals
  5 kobolds
  2 quokkas (D:1)
  3 frilled lizards
  8 goblins
  3 rats
90 creatures vanquished.

Vanquished Creatures (others)
  4 withered plants (Ossuary)
4 creatures vanquished.

Grand Total: 94 creatures vanquished

Notes
Turn   | Place    | Note
-------+----------+-------------------------------------------
     0 | D:1      | zishaf the Tengu Air Elementalist began the quest for the
                  | Orb.
     0 | D:1      | Reached XP level 1. HP: 10/10 MP: 4/4
   132 | D:1      | Reached XP level 2. HP: 13/16 MP: 0/6
   355 | D:1      | Reached skill level 1 in Fighting
   805 | D:1      | Reached XP level 3. HP: 20/20 MP: 7/7
   907 | D:1      | Learned a level 2 spell: Static Discharge
  1194 | D:2      | Found a sacrificial altar of Ru.
  1212 | D:2      | Reached XP level 4. HP: 23/26 MP: 8/8
  1553 | D:2      | Reached skill level 5 in Air Magic
  1791 | D:2      | Became a worshipper of Ru the Awakened
  1931 | D:3      | You fall into a shaft and drop 2 floors!
  1931 | D:5      | Entered Level 5 of the Dungeon
  2087 | D:4      | Gained mutation: Your magical nature lets you fly swiftly
                  | and evasively. [Tengu growth]
  2087 | D:4      | Reached XP level 5. HP: 31/31 MP: 9/9
  2108 | D:4      | Identified the +3 scale mail "Guwiha" {rF- Dex+4}
  2124 | D:4      | Found a sand-covered staircase.
  2209 | Ossuary  | Entered an ossuary
  2233 | Ossuary  | Learned a level 3 spell: Swiftness
  2288 | Ossuary  | Reached XP level 6. HP: 22/37 MP: 6/10
  2289 | Ossuary  | Reached skill level 6 in Air Magic
  2308 | Ossuary  | Reached skill level 5 in Conjurations
  2397 | Ossuary  | Reached XP level 7. HP: 25/42 MP: 8/12
  2457 | Ossuary  | Learned a level 4 spell: Airstrike
  2596 | Ossuary  | Reached skill level 7 in Air Magic
  2773 | Ossuary  | Reached XP level 8. HP: 46/48 MP: 13/13
  2919 | Ossuary  | Slain by a wyvern zombie

Illustrated notes

Levels and vault maps discovered:
D:1:      dpeg_arrival_round_b, layout_basic
D:2:      layout_basic, serial_rivers, chequers_serial_rivers_micro_e,
          chequers_serial_rivers_room_b, chequers_serial_rivers_micro_a,
          chequers_serial_rivers_micro_d, chequers_serial_rivers_large_b,
          basic_altar
D:3:      layout_rooms, lemuel_doored_altar, skrybe_limestone_x
D:4:      layout_layer_cave, mainiacjoe_overflow_24_doors,
          kennysheep_slug_shrine, kennysheep_mini_moat, enter_ossuary_1,
          grunt_ministairs_12, nzn_random_ring, uniq_duvessa
D:5:      layout_cave_pools, temple_green, kennysheep_cluttered_room,
          uniq_crazy_yiuf_cottage, uniq_sigmund, uniq_blork_the_orc
Ossuary:  ossuary_zaba_flooded

Skill      XL: |  1  2  3  4  5  6  7 |
---------------+----------------------+-----
Conjurations   | 2 3 4 5 6 |  6.7
Fighting       | 1 2 3 4 |  4.9
Air Magic      | 5 6 7 |  7.7
Spellcasting   | 3 |  3.0
Dodging        | |  2.1
Stealth        | |  2.0

Action                   |  1- 3 |  4- 6 |  7- 9 || total
-------------------------+-------+-------+-------++-------
Melee: Unarmed           |    20 |    10 |     3 ||    33
       Kick              |     6 |     5 |     1 ||    12
       Peck              |     3 |     1 |     1 ||     5
 Cast: Shock             |    82 |    46 |    56 ||   184
       Static Discharge  |       |    27 |    13 ||    40
  Use: Potion            |       |     1 |       ||     1
Armor: Robe              |     5 |    11 |     7 ||    23
Dodge: Dodged            |    20 |    48 |    37 ||   105

Table legend: (Time is in decaauts)
 A = Elapsed time spent in this place.
 B = Non-inter-level travel time spent in this place.
 C = Inter-level travel time spent in this place.
 D = Time resting spent in this place.
 E = Time spent auto-exploring this place.
 F = Levels seen in this place.
 G = Mean time per level.
                   A        B        C        D        E       F      G
               +--------+--------+--------+--------+--------+-----+--------+
         Total |   2938 |   2883 |     55 |    589 |   1681 |   6 |  489.7 |
       Dungeon |   2235 |   2180 |     55 |     87 |   1663 |   5 |  447.0 |
       Ossuary |    703 |    703 |      0 |    502 |     17 |   1 |  703.0 |
               +--------+--------+--------+--------+--------+-----+--------+

Top non-repeatable levels by time:
     D:1: 1035 daAuts
     D:2: 926 daAuts
 Ossuary: 703 daAuts
     D:4: 221 daAuts
     D:5: 51 daAuts
